Map: Frost LE

Players

brownforlife - Winner!

  • Race: Terran Terran
  • League: Platinum

blackxored

  • Race: Zerg Zerg
  • League: Diamond

VOD

Have the link to the VOD?

Description

Time

  • Played on: July 3, 2016, 4:43 p.m.
  • Length: 19:24
Show
View Real Time Build Order
Export as new Build Order

brownforlife Terran - Winner!

Build Orders: MMM Bio 

Get SALT Encoding   

  12  0:00  SCV  
  13  0:13  SCV  
  14  0:17  Supply Depot  
  14  0:25  SCV  
  15  0:39  SCV  
  15  0:40  Barracks  
  16  0:46  Refinery  
  16  0:51  SCV  
  17  1:03  SCV  
  18  1:15  SCV  
  19  1:27  SCV  
  19  1:32  Reaper  
  21  1:40  Orbital Command  
  21  1:52  Command Center  
  21  1:57  Supply Depot  
  21  2:04  Marine  
  22  2:08  SCV  
  23  2:20  Factory  
  23  2:29  SCV  
  24  2:30  Barracks Reactor  
  24  2:42  SCV  
  25  2:54  SCV  
  26  3:03  Factory Tech Lab  
  26  3:06  Marine x2  
  26  3:07  SCV  
  26  3:10  Refinery, Orbital Command  
  29  3:19  SCV  
  29  3:29  Marine x2  
  29  3:31  SCV  
  29  3:34  Starport  
  32  3:36  SCV  
  32  3:38  Barracks  
  33  3:43  SCV  
  33  3:44  Supply Depot  
  33  3:47  Marine x2  
  33  3:48  SCV  
  37  3:55  SCV, Factory Reactor  
  38  4:00  SCV  
  39  4:04  Marine x2  
  39  4:07  Supply Depot, SCV  
  42  4:12  SCV  
  43  4:19  SCV  
  43  4:22  Marine x2  
  46  4:24  SCV  
  46  4:26  Command Center, Stimpack  
  47  4:31  SCV  
  47  4:32  Supply Depot  
  47  4:37  SCV  
  49  4:43  SCV  
  50  4:48  Supply Depot  
  50  4:50  Supply Depot  
  50  4:51  SCV  
  51  4:54  Marine  
  51  4:55  Marine x2  
  51  4:56  SCV  
  55  5:02  Medivac x2  
  55  5:04  SCV  
  60  5:07  Factory Reactor  
  60  5:08  SCV  
  60  5:12  Marine x2  
  63  5:16  SCV  
  63  5:20  SCV  
  65  5:23  Engineering Bay  
  65  5:28  Marine, SCV  
  66  5:29  Bunker  
  66  5:32  SCV  
  68  5:40  Refinery, SCV  
  68  5:41  Refinery  
  68  5:42  Marine  
  69  5:43  Supply Depot  
  69  5:44  Marine, SCV  
  69  5:46  Widow Mine  
  76  5:52  Terran Infantry Weapons Level 1, SCV  
  76  5:53  SCV  
  76  5:56  Marine, SCV  
  80  6:00  Marine  
  80  6:04  Marine, SCV  
  82  6:06  Medivac x2  
  82  6:08  Orbital Command  
  82  6:09  SCV  
  88  6:12  Engineering Bay  
  88  6:14  Armory  
  88  6:16  SCV  
  87  6:21  SCV  
  87  6:24  Supply Depot, Liberator  
  87  6:25  Factory Reactor  
  88  6:30  Barracks  
  88  6:37  Marine x3  
  88  6:38  Orbital Command  
  94  6:48  Barracks  
  94  6:49  Barracks, SCV x2  
  94  6:50  Barracks  
  96  6:55  Marine  
  96  7:00  Marauder  
  92  7:02  Marine  
  90  7:12  Marine  
  89  7:16  SCV x3  
  89  7:18  Marine  
  89  7:19  Marine x2  
  89  7:21  Widow Mine x2  
  89  7:22  Marauder  
  101  7:28  SCV x2  
  103  7:30  Marine  
  103  7:36  Marine  
  105  7:41  Bunker, Marine  
  105  7:42  Marine  
  105  7:43  Marauder  
  111  7:48  Combat Shields  
  111  7:52  SCV x2  
  111  7:53  Marine, Widow Mine  
  111  7:55  Barracks Reactor, Marine  
  111  7:56  Widow Mine  
  117  8:01  Supply Depot  
  117  8:03  Supply Depot  
  117  8:05  Supply Depot, Barracks Reactor  
  117  8:08  Supply Depot  
  116  8:14  Marine  
  117  8:23  Marine x4, Marauder  
  123  8:31  Marine x3  
  122  8:40  Marine x4  
  125  8:42  SCV x2  
  125  8:44  Marine  
  125  8:46  Supply Depot  
  128  8:48  Marine x2  
  128  8:49  Marine x3  
  128  8:50  Supply Depot  
  128  8:54  Terran Infantry Weapons Level 2  
  128  8:55  Terran Infantry Armor Level 1  
  133  8:56  Widow Mine x2  
  133  8:58  Marine x4  
  133  9:02  Marauder  
  143  9:03  Medivac x2  
  143  9:06  Marine, SCV  
  148  9:11  Supply Depot  
  148  9:16  SCV  
  150  9:17  SCV  
  150  9:23  SCV  
  150  9:24  Marauder, Widow Mine  
  153  9:25  Command Center, Widow Mine  
  153  9:27  Marine  
  153  9:31  Marine x2, SCV x2  
  160  9:32  Marine  
  160  9:33  Medivac x2  
  167  9:45  Marauder  
  169  9:48  Marine x3  
  169  9:49  Marine  
  173  9:55  Marine x2  
  173  9:56  Marine x2  
  177  10:03  Medivac x2  
  177  10:04  Supply Depot  
  181  10:08  Supply Depot  
  181  10:15  Supply Depot  
  181  10:18  Supply Depot  
  181  10:26  Marine x4, Marauder  
  167  10:48  Marauder  
  169  10:50  Marine x3  
  169  10:53  Marine  
  169  10:54  Marine  
  174  11:02  Marine x3  
  174  11:03  Marine  
  178  11:08  Marine  
  178  11:09  Marauder  
  178  11:10  Terran Infantry Armor Level 2  
  181  11:12  Terran Infantry Weapons Level 3  
  178  11:28  Missile Turret  
  178  11:30  Marauder, Missile Turret  
  180  11:35  Refinery, Missile Turret  
  180  11:36  Refinery  
  180  11:37  Missile Turret  
  180  11:42  Missile Turret  
  180  11:52  Marauder  
  175  11:59  Marine  
  175  12:00  Marine x3  
  171  12:02  Marine x2  
  171  12:03  Marine x3  
  176  12:09  Barracks  
  176  12:11  Barracks  
  176  12:12  Widow Mine x2  
  176  12:13  Marauder  
  176  12:14  Barracks x2  
  176  12:15  Barracks  
  182  12:17  Marine x2  
  182  12:18  Marine x2  
  182  12:20  Marine  
  172  12:32  Medivac x2  
  172  12:35  Marauder  
  172  12:36  Marine x2  
  179  12:56  Marauder  
  181  13:02  Medivac x2  
  182  13:13  Marine x7  
  182  13:14  Marine x3  
  182  13:17  Marauder  
  176  13:29  Missile Turret  
  176  13:31  SCV x2  
  176  13:32  Medivac, SCV  
  180  13:39  Marauder  
  182  13:42  Marine  
  182  13:43  Marine, SCV  
  185  13:50  SCV x2  
  185  13:54  Marine  
  180  14:21  Marine x5  
  180  14:22  Marine, Marauder  
  188  14:29  Terran Infantry Armor Level 3  
  186  14:32  Marine x3  
  186  14:33  Marine x5  
  183  14:42  Marine  
  183  14:43  Marine x3  
  183  14:44  Marauder  
  161  14:46  SCV x3  
  161  14:47  SCV  
  165  14:58  Marine, SCV x2  
  168  15:01  Marine x4  
  168  15:02  Marine x4  
  168  15:03  SCV x2  
  168  15:05  Marauder  
  180  15:10  SCV  
  181  15:23  Marine x2  
  181  15:26  Marauder  
  181  15:27  Marine x2  
  185  15:28  Marine  
  185  15:32  Marine x3  
  185  15:34  SCV  
  189  15:38  Barracks Reactor x2  
  189  15:39  Barracks Reactor  
  189  15:40  Barracks Reactor  
  184  15:44  SCV x2  
  184  15:48  Marauder  
  184  15:50  Marine  
  184  15:51  Marine  
  184  15:56  Marine  
  184  15:57  Marine x3  
  190  16:09  Marauder  
  191  16:14  Liberator x2  
  175  16:25  Marine  
  175  16:26  Marine x4  
  175  16:27  Marine  
  175  16:30  Marauder  
  183  16:40  Marine x2  
  183  16:42  SCV x3  
  188  16:51  Marine x2  
  188  16:52  Marine x3, Marauder  
  193  16:57  Liberator  
  188  17:13  Marauder  
  193  17:17  Marine  
  193  17:19  Marine x2  
  193  17:20  Marine  
  193  17:21  SCV  
  198  17:23  Barracks Reactor  
  198  17:35  Marauder, Planetary Fortress  
  194  17:41  SCV  
  194  17:42  SCV  
  179  17:52  Command Center  
  179  17:54  SCV x2  
  179  17:56  Marauder  
  180  18:06  Marine, SCV x2  
  180  18:08  Marine x3  
  180  18:10  Orbital Command  
  186  18:17  Marine x3, Marauder  
  186  18:18  SCV x2  
  193  18:30  SCV x2  
  193  18:35  Marine x2  
  193  18:36  Marine x3  
  193  18:39  Marauder  
  193  18:40  SCV x2  
  199  18:42  SCV  
  199  19:00  Marauder  
  198  19:05  Missile Turret  
Show
View Real Time Build Order
Export as new Build Order

blackxored Zerg 

Build Orders: Hatch First, Muta Ling Bane 

Get SALT Encoding   

  12  0:01  Drone  
  13  0:08  Drone  
  14  0:18  Overlord  
  14  0:24  Extractor  
  14  0:25  Drone  
  15  0:39  Drone x2  
  17  0:56  Hatchery  
  16  0:58  Drone  
  16  1:02  Drone  
  18  1:09  Drone  
  19  1:12  Extractor  
  18  1:21  Spawning Pool  
  18  1:25  Drone  
  18  1:28  Drone  
  19  1:39  Overlord  
  19  1:49  Drone  
  20  2:07  Queen  
  22  2:08  Zergling x4  
  22  2:10  Queen  
  26  2:15  Zergling x2  
  26  2:17  Metabolic Boost  
  27  2:37  Hatchery  
  25  2:44  Drone x3  
  25  2:49  Overlord  
  28  2:59  Queen  
  30  3:06  Pneumatized Carapace  
  30  3:10  Drone  
  30  3:11  Drone  
  32  3:26  Drone x5  
  37  3:30  Overlord  
  37  3:43  Drone x5  
  37  3:45  Drone  
  43  3:51  Queen  
  45  4:05  Queen  
  45  4:06  Queen  
  49  4:22  Drone  
  49  4:24  Baneling Nest, Drone  
  49  4:50  Overlord x3  
  49  5:10  Drone x14  
  63  5:18  Drone, Hatchery  
  63  5:19  Zergling x2  
  63  5:20  Zergling x8  
  68  5:28  Drone x3  
  71  5:34  Hatchery  
  70  5:43  Extractor, Drone x3  
  70  5:47  Extractor, Drone x2  
  73  5:50  Overlord  
  73  5:51  Overlord x2  
  73  6:01  Lair  
  73  6:06  Evolution Chamber x2  
  73  6:08  Drone x2  
  73  6:10  Drone x2  
  75  6:14  Drone x5  
  75  6:15  Extractor, Drone  
  75  6:16  Extractor  
  75  6:18  Drone x2  
  81  6:22  Extractor, Drone x2  
  81  6:25  Drone  
  83  6:26  Drone  
  83  6:30  Drone x2  
  86  6:32  Queen  
  86  6:38  Zerg Melee Weapons Level 1, Zerg Ground Armor Level 1  
  88  6:48  Zergling x20  
  98  6:58  Zergling x14  
  101  7:02  Zergling x2  
  101  7:07  Zergling x8  
  95  7:17  Zergling x12  
  95  7:18  Overlord x3  
  95  7:19  Overlord  
  95  7:22  Centrifical Hooks  
  101  7:24  Spire, Drone  
  101  7:25  Overseer  
  101  7:27  Baneling x13  
  101  7:36  Queen x2  
  105  7:39  Drone x2  
  107  7:51  Zergling x2  
  107  7:52  Zergling x34  
  107  7:56  Baneling x6  
  107  7:57  Baneling x2  
  125  8:02  Spire  
  101  8:19  Spore Crawler  
  97  8:29  Zergling x24  
  97  8:30  Zergling x16  
  114  8:38  Corruptor  
  114  8:47  Drone x2  
  116  8:49  Drone  
  116  8:51  Drone  
  118  8:56  Zergling x4  
  120  9:08  Zerg Melee Weapons Level 2  
  120  9:13  Drone x2  
  120  9:14  Drone  
  120  9:16  Drone  
  124  9:24  Zergling x2  
  124  9:25  Zergling x10  
  130  9:39  Mutalisk  
  130  9:41  Overlord x2  
  130  9:43  Zerg Ground Armor Level 2  
  132  9:48  Drone  
  132  9:49  Drone, Spore Crawler  
  133  9:54  Extractor  
  133  9:56  Extractor  
  131  10:07  Mutalisk x6  
  131  10:08  Mutalisk x2  
  147  10:16  Queen  
  147  10:18  Overlord x2  
  147  10:20  Overlord  
  149  10:30  Hatchery  
  149  10:33  Infestation Pit  
  132  10:52  Queen  
  132  10:54  Mutalisk  
  136  10:59  Drone x2  
  136  11:00  Drone x5  
  129  11:20  Zergling x6  
  129  11:21  Zergling x50  
  155  11:42  Mutalisk x11  
  162  11:57  Zergling x2  
  162  11:58  Zergling x16  
  158  12:06  Zergling x12  
  158  12:33  Zergling x2  
  158  12:34  Zergling x26  
  169  12:39  Zergling x2  
  169  12:42  Hive  
  167  12:48  Drone x2  
  167  12:49  Drone x2  
  168  13:18  Zergling x10  
  168  13:19  Zergling x14  
  179  13:23  Queen  
  172  13:31  Zerg Flyer Weapons Level 1  
  172  13:32  Zerg Flyer Armor Level 1  
  157  13:50  Overseer x2  
  157  14:02  Ultralisk Cavern  
  137  14:09  Drone x24  
  161  14:20  Baneling x13  
  161  14:21  Baneling x7  
  150  14:35  Zergling x28  
  151  14:43  Mutalisk  
  151  14:44  Mutalisk x6  
  144  14:56  Chitinous Plating  
  144  14:57  Ultralisk  
  130  15:07  Ultralisk x2  
  138  15:16  Mutalisk  
  140  15:23  Hatchery  
  140  15:24  Extractor x2  
  123  15:42  Overlord x3  
  111  15:43  Overlord  
  109  15:56  Overlord x2  
  73  16:27  Drone x10  
  73  16:28  Drone  
  72  16:40  Queen  
  72  16:41  Queen  
  72  16:44  Zergling x12  
  70  16:56  Zergling x8  
  74  17:03  Ultralisk Cavern  
  63  17:16  Queen x2  
  51  17:38  Adrenal Glands  
  51  17:50  Ultralisk x5  
  77  18:19  Zergling x16  
Tags
 
Add a new tag
Caveats
  • Supply blocks, unpowered buildings, or Contaminate may cause inaccurate times.
  • Supply counts are checked every 10 seconds.